[Event "Titled Tuesday Blitz August 1 Late 2023"]
[White "campochess"]
[Black "Bach, Matthias"]
[BlackFideId "4603168"]
[WhiteElo "2209"]
[BlackElo "2362"]
[Result "0-1"]
[Round "5"]
[TimeControl "180+1"]
[Date "2023.08.01"]
[WhiteClock "0:00:05"]
[BlackClock "0:00:17"]
[Board "146"]

1. c4 Nf6 2. d4 c5 3. d5 e6 4. Nc3 exd5 5. cxd5 d6 6. e4 g6 7. Bg5 h6 8. Be3 Bg7 9. f3 O-O 10. Qd2 Kh7 11. g4 a6 12. a4 Nbd7 13. h4 Ne5 14. Be2 Bd7 15. Nh3 b5 16. axb5 axb5 17. O-O Rxa1 18. Rxa1 b4 19. Nd1 Nexg4 20. fxg4 Nxe4 21. Qe1 Re8 22. Qf1 Qxh4 23. Bf3 Bxg4 24. Bxg4 Qxg4+ 25. Qg2 Nf6 26. Ndf2 Qe2 27. Bf4 Qxb2 28. Ra7 Qb1+ 29. Kh2 Qf5 30. Bxd6 Nxd5 31. Bxc5 Be5+ 32. Kh1 Nf4 33. Nxf4 Bxf4 34. Qg4 Re1+ 35. Kg2 Qd5+ 36. Qf3 Rg1+ 37. Kxg1 Qxf3 38. Rxf7+ Kg8 39. Bd6 Qg3+ 40. Kf1 Bxd6 41. Rf6 Kg7 42. Re6 Kf7 43. Re4 Bc5 44. Re2 Bxf2 45. Rxf2+ Qxf2+ 0-1


[Site "https://www.chess.com"]

[Event "Titled Tuesday Blitz August 1 Late 2023"]
[White "Vila Dupla, Aurelio"]
[Black "Elissalt Cardenas, Hector"]
[WhiteFideId "2203383"]
[BlackFideId "3500632"]
[WhiteElo "2153"]
[BlackElo "2359"]
[Result "1/2-1/2"]
[Round "5"]
[TimeControl "180+1"]
[Date "2023.08.01"]
[WhiteClock "0:00:03"]
[BlackClock "0:00:01"]
[Board "147"]

1. Nf3 d5 2. d4 Nf6 3. c4 e6 4. cxd5 exd5 5. Nc3 c6 6. Qc2 Be7 7. Bg5 O-O 8. e3 Nbd7 9. Bd3 h6 10. Bh4 Ne8 11. Bxe7 Qxe7 12. O-O Ndf6 13. Ne5 Nd6 14. Rfe1 Be6 15. b3 Rac8 16. Rad1 Ng4 17. Nxg4 Bxg4 18. f3 Be6 19. e4 Qh4 20. e5 Ne8 21. Kh1 g6 22. Ne2 Ng7 23. Ng3 h5 24. Qd2 Kh7 25. f4 Qg4 26. Be2 Qh4 27. Bd3 Bg4 28. Rc1 Rce8 29. Rf1 Nf5 30. Bxf5 Bxf5 31. Nxf5 gxf5 32. Rf3 Re6 33. Rcc3 Rh6 34. Rh3 Qe7 35. Rcg3 Rg8 36. Rg5 h4 37. Rxf5 Rg4 38. Qd3 Kg8 39. Qf3 Rhg6 40. g3 Qe6 41. Rg5 hxg3 42. Rxg3 R6xg5 43. fxg5 Rxg3 44. Qxg3 Qg6 45. Kg2 Qe4+ 46. Kh3 Qf5+ 47. Kg2 Qe4+ 48. Kh3 Qf5+ 49. Kg2 Qc2+ 50. Kh3 Qf5+ 1/2-1/2


[Site "https://www.chess.com"]

[Event "Titled Tuesday Blitz August 1 Late 2023"]
[White "ayme97"]
[Black "Slavin, Alexey"]
[BlackFideId "24104388"]
[WhiteElo "2149"]
[BlackElo "2352"]
[Result "0-1"]
[Round "5"]
[TimeControl "180+1"]
[Date "2023.08.01"]
[WhiteClock "0:00:00"]
[BlackClock "0:00:06"]
[Board "148"]

1. d4 Nc6 2. d5 Ne5 3. Nf3 Ng6 4. Nc3 e5 5. dxe6 fxe6 6. e4 Bc5 7. Bg5 N8e7 8. h4 h6 9. Bd2 O-O 10. Bc4 d5 11. Bb3 c6 12. h5 Nh8 13. Qe2 b5 14. Be3 Bb4 15. O-O Nf7 16. Rad1 Qc7 17. Rfe1 a5 18. a3 Bd6 19. Nd4 Be5 20. exd5 exd5 21. Bxh6 gxh6 22. Ndxb5 cxb5 23. Nxd5 Nxd5 24. Bxd5 Bh2+ 25. Kh1 Ra7 26. Qe4 Be5 27. Qg6+ Bg7 28. Rd3 Bb7 29. Rg3 Qxg3 30. Bxf7+ Rxf7 31. Qxg3 Bc6 0-1


[Site "https://www.chess.com"]

[Event "Titled Tuesday Blitz August 1 Late 2023"]
[White "Gyulamiryan-koryun"]
[Black "Topalov, Aleksandar"]
[BlackFideId "925659"]
[WhiteElo "2114"]
[BlackElo "2343"]
[Result "0-1"]
[Round "5"]
[TimeControl "180+1"]
[Date "2023.08.01"]
[WhiteClock "0:00:00"]
[BlackClock "0:01:01"]
[Board "150"]

1. e4 e6 2. d4 d5 3. Nd2 Nf6 4. e5 Ng8 5. Bd3 Qd7 6. Ne2 Ne7 7. O-O b6 8. c3 Ba6 9. Qc2 Bxd3 10. Qxd3 c5 11. f4 h5 12. Nf3 g6 13. Ng5 Nbc6 14. Be3 Nf5 15. Bf2 Be7 16. h4 Rc8 17. Rac1 O-O 18. Ng3 Nxg3 19. Bxg3 cxd4 20. cxd4 Nb4 21. Qb3 a5 22. a3 a4 23. Qe3 Nc6 24. Be1 Bxg5 25. hxg5 Ne7 26. g4 hxg4 27. Bb4 Nf5 28. Qe2 Rxc1 29. Rxc1 Rc8 30. Rxc8+ Qxc8 31. Bc3 g3 32. Kg2 Qc4 33. Qd2 Qa2 34. Qc2 Qc4 35. Qd2 Kg7 36. Kh3 Qf1+ 37. Qg2 Qd1 38. Qd2 Qh5+ 39. Kg2 Qh2+ 40. Kf3 Qh1+ 41. Ke2 g2 0-1


[Site "https://www.chess.com"]

[Event "Titled Tuesday Blitz August 1 Late 2023"]
[White "Porat, Tori"]
[Black "Awoki, Daniel Teidi"]
[WhiteFideId "30982626"]
[BlackFideId "2100827"]
[WhiteElo "1993"]
[BlackElo "2342"]
[Result "1-0"]
[Round "5"]
[TimeControl "180+1"]
[Date "2023.08.01"]
[WhiteClock "0:00:12"]
[BlackClock "0:00:00"]
[Board "151"]

1. d4 Nf6 2. c4 g6 3. Nc3 d5 4. cxd5 Nxd5 5. e4 Nxc3 6. bxc3 Bg7 7. Be3 O-O 8. Bc4 c5 9. Ne2 Qc7 10. Bd3 Rd8 11. O-O b6 12. d5 Bb7 13. Rb1 Nd7 14. f4 c4 15. Bc2 Nc5 16. Bd4 e6 17. Bxg7 Kxg7 18. f5 exf5 19. exf5 Bxd5 20. Qd4+ Kg8 21. Qh4 Qe5 22. Nf4 Qxc3 23. fxg6 fxg6 24. Bxg6 hxg6 25. Nxg6 Rd7 26. Ne7+ Rxe7 27. Qxe7 Qd4+ 28. Kh1 Qe4 29. Qg5+ Kh8 30. Rbe1 Qxg2+ 31. Qxg2 Bxg2+ 32. Kxg2 Rd8 33. Re3 b5 34. Rh3+ Kg7 35. Rg3+ Kh7 36. Rf7+ Kh6 37. Rf6+ Kh7 38. Rf5 1-0


[Site "https://www.chess.com"]

[Event "Titled Tuesday Blitz August 1 Late 2023"]
[White "Hacker, Jonas"]
[Black "Navyblue1"]
[WhiteFideId "1270968"]
[WhiteElo "2336"]
[BlackElo "1931"]
[Result "1/2-1/2"]
[Round "5"]
[TimeControl "180+1"]
[Date "2023.08.01"]
[WhiteClock "0:00:06"]
[BlackClock "0:00:15"]
[Board "152"]

1. c4 c5 2. Nf3 Nc6 3. Nc3 Nf6 4. e3 d5 5. cxd5 Nxd5 6. a3 e6 7. Bb5 Bd7 8. O-O Be7 9. Nxd5 exd5 10. d4 cxd4 11. Bxc6 bxc6 12. exd4 O-O 13. h3 Be6 14. Qc2 Rc8 15. Be3 Qb6 16. Rfc1 a5 17. Bg5 Bd6 18. Bd2 c5 19. Ng5 g6 20. Nxe6 fxe6 21. Bh6 Rfe8 22. dxc5 Bxc5 23. Qe2 Bd4 24. Rxc8 Rxc8 25. Rb1 Bf6 26. b4 axb4 27. axb4 Rb8 28. b5 Kf7 29. Bf4 Rb7 30. Bg3 d4 31. Qc4 Rd7 32. Qc6 Rb7 33. Qe4 Rd7 34. h4 d3 35. h5 d2 36. Qe2 Rd5 37. Rd1 Qxb5 38. Qxb5 Rxb5 39. hxg6+ hxg6 40. Rxd2 e5 41. Kh2 Ke6 42. Re2 Kf5 43. f3 Ra5 44. Bf2 Rd5 45. Bg3 Rb5 46. Rd2 g5 47. Re2 Rd5 48. Bf2 g4 49. Kg3 gxf3 50. gxf3 Rd3 51. Re4 Bg5 52. Kg2 Bf4 53. Re2 Rd2 54. Rxd2 Bxd2 55. Bg3 Bf4 56. Bf2 Bg5 57. Kg3 Bf4+ 58. Kg2 Bg5 59. Be1 Bf4 60. Bc3 Bg5 61. Kf2 Bf4 62. Ke2 Ke6 63. Bxe5 Kf5 64. Bc3 Be5 65. Bd2 Bd6 66. Be1 Bf8 67. Bg3 Bc5 68. Kd3 Bb6 69. Ke2 Bc5 70. Bf2 Bd6 71. Be3 Bb4 72. Bd2 Bxd2 73. Kxd2 Kf4 74. Kd3 Kxf3 1/2-1/2


[Site "https://www.chess.com"]

[Event "Titled Tuesday Blitz August 1 Late 2023"]
[White "Zilleruelo Irizarry, Diego"]
[Black "Vargas, Mauricio"]
[WhiteFideId "3101460"]
[BlackFideId "4404572"]
[WhiteElo "2330"]
[BlackElo "1891"]
[Result "1-0"]
[Round "5"]
[TimeControl "180+1"]
[Date "2023.08.01"]
[WhiteClock "0:02:44"]
[BlackClock "0:01:16"]
[Board "153"]

1. e4 c6 2. d4 d5 3. exd5 cxd5 4. Bd3 Nc6 5. c3 Nf6 6. h3 g6 7. Nf3 Bg7 8. O-O O-O 9. Bf4 Nd7 10. Re1 Re8 11. Ne5 f6 12. Nxg6 hxg6 13. Bxg6 e5 14. Qh5 Nf8 15. Bf7# 1-0


[Site "https://www.chess.com"]

[Event "Titled Tuesday Blitz August 1 Late 2023"]
[White "Rego, Pedro Filipe"]
[Black "szachmistrz2500"]
[WhiteFideId "1904310"]
[WhiteElo "2341"]
[BlackElo "2437"]
[Result "0-1"]
[Round "5"]
[TimeControl "180+1"]
[Date "2023.08.01"]
[WhiteClock "0:00:00"]
[BlackClock "0:00:19"]
[Board "154"]

1. d4 d5 2. Bf4 Nf6 3. e3 c5 4. Nf3 Qb6 5. Nbd2 Qxb2 6. dxc5 e6 7. Be5 Qa3 8. c4 Bxc5 9. cxd5 O-O 10. Bxf6 gxf6 11. Qb3 exd5 12. Bd3 Nc6 13. O-O Be6 14. Qxb7 Rfc8 15. Nb3 Rab8 16. Qa6 Ne5 17. Qxa3 Bxa3 18. Rfd1 Nxd3 19. Rxd3 Bb4 20. Nfd4 Rc4 21. Rad1 Rbc8 22. f4 f5 23. Kf2 a5 24. a3 Bxa3 25. Nxa5 Ra4 26. Nab3 Be7 27. Kf3 Ra2 28. R1d2 Rxd2 29. Rxd2 Rc3 30. Rc2 Rxc2 31. Nxc2 Kg7 32. Ncd4 Kf6 33. Nc1 Ba3 34. Nd3 Bd6 35. h3 h5 36. g3 Bc7 37. Nc5 Bb6 38. Nd3 Bc7 39. Nf2 Bd6 40. Nd1 Bc5 41. Nc3 Ke7 42. Na4 Bd6 43. Nb2 Kd7 44. Nd3 Kc7 45. Ne5 Kb6 46. Ng6 Kc5 47. Ne5 Kb4 48. Nec6+ Kc3 49. Nd8 Bd7 50. Nxf7 Bc5 51. Ne5 Bc8 52. Nec6 Kd2 53. Ne5 Ba6 54. Nec6 Ke1 0-1


[Site "https://www.chess.com"]

[Event "Titled Tuesday Blitz August 1 Late 2023"]
[White "Polaczek, Richard"]
[Black "Prydun, Andriy"]
[WhiteFideId "200026"]
[BlackFideId "14145898"]
[WhiteElo "2416"]
[BlackElo "2326"]
[Result "1-0"]
[Round "5"]
[TimeControl "180+1"]
[Date "2023.08.01"]
[WhiteClock "0:01:01"]
[BlackClock "0:00:47"]
[Board "155"]

1. d4 Nf6 2. Bg5 Ne4 3. Bf4 c6 4. e3 Ng5 5. Bxg5 Qa5+ 6. Nc3 Qxg5 7. Nf3 Qa5 8. Bd3 d5 9. O-O Bg4 10. h3 Bh5 11. e4 e6 12. Re1 Be7 13. exd5 cxd5 14. Bb5+ Nc6 15. g4 Bg6 16. Ne5 Rc8 17. a3 Bf6 18. Bxc6+ bxc6 19. b4 Qc7 20. Na4 Bxe5 21. dxe5 h5 22. Nc5 hxg4 23. Qxg4 Qe7 24. Re3 Qh4 25. c3 Bh7 26. Qxh4 g5 27. Qh6 1-0


[Site "https://www.chess.com"]

[Event "Titled Tuesday Blitz August 1 Late 2023"]
[White "Akhayan, Ruben"]
[Black "Haitin, Ilja"]
[WhiteFideId "204439"]
[BlackFideId "4501764"]
[WhiteElo "2293"]
[BlackElo "2359"]
[Result "0-1"]
[Round "5"]
[TimeControl "180+1"]
[Date "2023.08.01"]
[WhiteClock "0:01:31"]
[BlackClock "0:01:47"]
[Board "156"]

1. e4 e6 2. d4 d5 3. Nc3 Be7 4. Qg4 Nf6 5. Qxg7 Rg8 6. Qh6 dxe4 7. Bd2 Nc6 8. Bb5 Bd7 9. Bxc6 Bxc6 10. O-O-O Rxg2 11. Nge2 Rxf2 12. Rhg1 Qd7 13. Qg7 O-O-O 14. Qxf7 e3 15. Bxe3 Ng4 16. Bxf2 Rf8 17. Qxh7 Nxf2 18. Rdf1 Bg5+ 0-1


[Site "https://www.chess.com"]

[Event "Titled Tuesday Blitz August 1 Late 2023"]
[White "Srdanovic, Jovana"]
[Black "Joubert, Dantelle"]
[WhiteFideId "954810"]
[BlackFideId "14310813"]
[WhiteElo "2344"]
[BlackElo "2054"]
[Result "1-0"]
[Round "5"]
[TimeControl "180+1"]
[Date "2023.08.01"]
[WhiteClock "0:01:10"]
[BlackClock "0:01:48"]
[Board "157"]

1. d4 d5 2. c4 e6 3. Nc3 Nf6 4. Bg5 Be7 5. e3 h6 6. Bh4 O-O 7. Nf3 Ne4 8. Bxe7 Qxe7 9. cxd5 Nxc3 10. bxc3 exd5 11. Qb3 Rd8 12. c4 dxc4 13. Bxc4 Nc6 14. Bd3 Nxd4 15. Nxd4 Rxd4 16. O-O Rd6 17. Rad1 b6 18. a4 Bb7 19. Be2 Qg5 20. f3 Rad8 21. e4 Rxd1 22. Rxd1 Rxd1+ 23. Bxd1 Qc5+ 24. Kh1 Qf2 25. h3 Ba6 26. Qc2 Bf1 27. Qxf2 1-0


[Site "https://www.chess.com"]

[Event "Titled Tuesday Blitz August 1 Late 2023"]
[White "Miranda, Rafael"]
[Black "Osmonbekov, Talaibek"]
[WhiteFideId "130990"]
[BlackFideId "2017253"]
[WhiteElo "2635"]
[BlackElo "2183"]
[Result "0-1"]
[Round "5"]
[TimeControl "180+1"]
[Date "2023.08.01"]
[WhiteClock "0:00:10"]
[BlackClock "0:00:04"]
[Board "158"]

1. e4 c5 2. Nf3 d6 3. c3 Nf6 4. Be2 Nc6 5. d3 e6 6. O-O Be7 7. Re1 O-O 8. Bf1 a6 9. d4 cxd4 10. cxd4 d5 11. e5 Ne4 12. Nbd2 f5 13. exf6 Nxf6 14. Bd3 Bd6 15. Nb3 Qe8 16. Ne5 Bd7 17. Bf4 Ne4 18. Bg3 Nxg3 19. hxg3 Nxe5 20. dxe5 Bb4 21. Re3 Ba4 22. Rc1 Rc8 23. Rxc8 Qxc8 24. Qh5 h6 25. Qg6 Bxb3 26. Qh7+ Kf7 27. Bg6+ Ke7 28. Qxg7+ Kd8 29. axb3 Qc1+ 30. Kh2 Rxf2 31. Qxh6 Rf1 32. Qg5+ Kc7 33. Rc3+ Bxc3 34. Qe7+ Kb8 35. Qd6+ Ka8 36. Qd8+ Ka7 37. Kh3 Qh6+ 38. Kg4 Qxg6+ 39. Kh3 Rh1# 0-1


[Site "https://www.chess.com"]

[Event "Titled Tuesday Blitz August 1 Late 2023"]
[White "disciplinedbrat"]
[Black "Perez, Maximiliano"]
[BlackFideId "117234"]
[WhiteElo "2289"]
[BlackElo "2539"]
[Result "0-1"]
[Round "5"]
[TimeControl "180+1"]
[Date "2023.08.01"]
[WhiteClock "0:00:10"]
[BlackClock "0:00:14"]
[Board "159"]

1. g3 g6 2. Bg2 Bg7 3. d4 d6 4. e4 Nf6 5. Ne2 O-O 6. Nbc3 e5 7. O-O exd4 8. Nxd4 Nbd7 9. Re1 Re8 10. Be3 Nc5 11. Bg5 h6 12. Bxf6 Bxf6 13. Nd5 Bg7 14. c3 c6 15. Nb4 Qb6 16. Rb1 a5 17. Nbc2 Nd7 18. Na3 Ne5 19. f4 Ng4 20. f5 Ne5 21. fxg6 fxg6 22. Kh1 Ng4 23. Qd2 Rf8 24. Rf1 Bd7 25. h3 Ne5 26. Rxf8+ Rxf8 27. Rf1 Rxf1+ 28. Bxf1 Qd8 29. Bg2 Qf6 30. Kg1 Kh7 31. Nac2 h5 32. Ne3 Bh6 33. Qe2 Qg5 34. Nf1 Qc1 35. Nf3 Nxf3+ 36. Qxf3 Kg7 37. Qd3 Be6 38. Qxd6 Bxa2 39. e5 Qe1 40. Qf6+ Kh7 41. Qe7+ Bg7 42. Qxb7 Qxe5 43. Qxc6 Qe2 44. Be4 Bf7 45. Qb7 Kg8 46. Qc8+ Bf8 47. Qc6 Kg7 48. Bf3 Qxb2 49. g4 hxg4 50. hxg4 Qa3 51. Qb6 Bc5+ 52. Qxc5 Qxc5+ 53. Kg2 Qxc3 54. Ng3 Qb3 55. Ne4 Bd5 56. Ng5 Bxf3+ 57. Nxf3 a4 58. Kg3 a3 59. Kh4 a2 60. Ng5 a1=Q 61. Ne6+ Qxe6 62. Kg5 Qc1+ 63. Kh4 Qf6+ 64. Kg3 Qff4+ 65. Kh4 Qh1# 0-1


[Site "https://www.chess.com"]

[Event "Titled Tuesday Blitz August 1 Late 2023"]
[White "Omariev, Maksim"]
[Black "Arias Igual, Alejandro"]
[WhiteFideId "4193423"]
[BlackFideId "2254905"]
[WhiteElo "2439"]
[BlackElo "2259"]
[Result "1-0"]
[Round "5"]
[TimeControl "180+1"]
[Date "2023.08.01"]
[WhiteClock "0:00:54"]
[BlackClock "0:00:00"]
[Board "160"]

1. g4 d5 2. Bg2 c6 3. h3 h5 4. g5 Bf5 5. d4 e6 6. c4 Ne7 7. Nc3 Ng6 8. h4 Nd7 9. f3 Qc7 10. e4 dxe4 11. fxe4 Qg3+ 12. Kf1 Bg4 13. Nge2 Qc7 14. Qd3 e5 15. d5 Bc5 16. Bf3 Bxf3 17. Qxf3 O-O-O 18. Kg2 f6 19. gxf6 Nxf6 20. Qf5+ Kb8 21. Qxg6 Ng4 22. Bg5 Rdf8 23. Rhf1 Bf2 24. d6 Qd7 25. Be7 Rfg8 26. Rxf2 Nxf2 27. Kxf2 Qh3 28. Qg3 Qe6 29. c5 g5 30. hxg5 h4 31. Qf3 h3 32. Rh1 Rh4 33. Qf5 1-0


[Site "https://www.chess.com"]

[Event "Titled Tuesday Blitz August 1 Late 2023"]
[White "Fernandez Bustamante, Leancy B."]
[Black "Bazilius, Augustinas"]
[WhiteFideId "3523870"]
[BlackFideId "12832251"]
[WhiteElo "2239"]
[BlackElo "2436"]
[Result "0-1"]
[Round "5"]
[TimeControl "180+1"]
[Date "2023.08.01"]
[WhiteClock "0:00:00"]
[BlackClock "0:00:02"]
[Board "161"]

1. e4 c5 2. Nf3 a6 3. c3 e6 4. d4 d5 5. e5 Bd7 6. Bd3 Nc6 7. O-O cxd4 8. cxd4 Qb6 9. Bc2 Nb4 10. Nc3 Nxc2 11. Qxc2 Rc8 12. a3 Ne7 13. Be3 Qa7 14. Rfe1 b5 15. Qd2 Nc6 16. b4 Ne7 17. Rac1 Nf5 18. Ne2 Rc4 19. Qd3 Nxe3 20. Qxe3 Be7 21. Nd2 Rxc1 22. Nxc1 O-O 23. Nd3 a5 24. Nc5 Bc8 25. Qb3 axb4 26. axb4 Bb7 27. Qd3 Qb6 28. Re3 Ra8 29. f4 Ra1+ 30. Kf2 Bh4+ 31. Ke2 Re1+ 32. Kf3 Ra1 33. Kg4 Be7 34. Rh3 g6 35. Re3 Bc6 36. Ndb3 Ra3 37. Qd2 Qa7 38. Na5 Rxe3 39. Qxe3 Be8 40. h4 Bd8 41. Kh3 Bxa5 42. bxa5 Qxa5 43. Nb3 Qa3 44. Qc3 b4 45. Qd3 Ba4 46. Nc5 Qxd3+ 47. Nxd3 b3 48. Nb2 Bb5 49. Kg3 Kg7 50. Kf3 f6 51. Ke3 fxe5 52. fxe5 Bc4 53. Kf4 h6 54. g4 Kf7 55. Ke3 Ke7 56. Kd2 g5 57. hxg5 hxg5 58. Kc3 Kd7 59. Nd1 Kc6 60. Kb4 Be2 61. Nb2 Bc4 62. Na4 Be2 63. Kxb3 Bxg4 64. Nc5 Bf5 65. Kc3 Kb5 0-1


[Site "https://www.chess.com"]

[Event "Titled Tuesday Blitz August 1 Late 2023"]
[White "Papp, Petra"]
[Black "Celestino, Rafael Teixeira"]
[WhiteFideId "739049"]
[BlackFideId "2108925"]
[WhiteElo "2431"]
[BlackElo "2220"]
[Result "0-1"]
[Round "5"]
[TimeControl "180+1"]
[Date "2023.08.01"]
[WhiteClock "0:00:00"]
[BlackClock "0:00:02"]
[Board "162"]

1. e4 e5 2. Nf3 Nc6 3. Bc4 Nf6 4. d3 Bc5 5. O-O d6 6. a4 a5 7. c3 Bg4 8. Nbd2 Qd7 9. Re1 O-O 10. Nf1 Rae8 11. h3 Bh5 12. Ng3 Bg6 13. Bg5 d5 14. exd5 Nxd5 15. Ne4 Ba7 16. Qd2 f5 17. Ng3 Kh8 18. Bb5 e4 19. dxe4 fxe4 20. Nd4 Qd6 21. Rad1 Re5 22. h4 h6 23. Bxh6 gxh6 24. Qxh6+ Bh7 25. Qxd6 cxd6 26. Bxc6 Bxd4 27. cxd4 e3 28. fxe3 Rxe3 29. Bxd5 Rxg3 30. Bxb7 Rg7 31. Bd5 Rb8 32. b3 Bc2 33. Rc1 Bd3 34. Rc3 Bf5 35. Rce3 Kh7 36. Bc4 Rf8 37. Re7 Rf6 38. Rxg7+ Kxg7 39. Re7+ Kh6 40. Re8 Kh5 41. Rh8+ Kg4 42. Kh2 Be4 43. g3 Kf3 44. Kg1 Kxg3 45. Bf1 Kf3 46. Rg8 Ke3 47. Rg5 Bf3 48. h5 Rh6 49. Rg3 Kf4 50. Rh3 Bxh5 51. Bg2 Rg6 52. Rxh5 Ke3 53. Rd5 Kd3 54. Rxa5 Kxd4 55. Rb5 Kc3 56. a5 Kb2 57. a6 d5 58. a7 Ra6 59. Rb7 Ra1+ 60. Kh2 d4 61. Rd7 d3 0-1


[Site "https://www.chess.com"]

[Event "Titled Tuesday Blitz August 1 Late 2023"]
[White "Da Matta, Eduardo Cesar"]
[Black "Gerbelli Neto, Eduardo"]
[WhiteFideId "2193108"]
[BlackFideId "2103281"]
[WhiteElo "2214"]
[BlackElo "2319"]
[Result "1-0"]
[Round "5"]
[TimeControl "180+1"]
[Date "2023.08.01"]
[WhiteClock "0:00:18"]
[BlackClock "0:00:19"]
[Board "163"]

1. d4 d5 2. c4 c6 3. cxd5 cxd5 4. Nc3 Nf6 5. Nf3 Nc6 6. e3 Bf5 7. Ne5 h5 8. Qb3 Qb6 9. Nxd5 Nxd5 10. Qxd5 e6 11. Qb3 Qxb3 12. axb3 Nb4 13. Bb5+ Ke7 14. O-O f6 15. Nd7 a6 16. Nc5 Rb8 17. Bc4 Kf7 18. e4 Bg4 19. Nd7 Rd8 20. Nxf8 Rhxf8 21. f3 b5 22. Be2 Nc2 23. Rxa6 Nxd4 24. Bd1 Ra8 25. Rxa8 Rxa8 26. fxg4 hxg4 27. Bxg4 Nxb3 28. Be3 Ra2 29. Rb1 Na5 30. Be2 b4 31. Bd2 b3 32. Bd1 Nc4 33. Bxb3 Nxd2 34. Bxa2 Nxb1 35. Bxb1 e5 36. Kf2 Ke6 37. Ke3 g6 38. b4 Kd6 39. g4 Kc6 40. Bd3 Kd6 41. h4 Kc6 42. h5 1-0


[Site "https://www.chess.com"]

[Event "Titled Tuesday Blitz August 1 Late 2023"]
[White "el_sporco"]
[Black "Petersson, Kjell"]
[BlackFideId "1705148"]
[WhiteElo "2312"]
[BlackElo "2166"]
[Result "0-1"]
[Round "5"]
[TimeControl "180+1"]
[Date "2023.08.01"]
[WhiteClock "0:01:23"]
[BlackClock "0:01:14"]
[Board "164"]

1. e4 c5 2. Nf3 d6 3. d4 cxd4 4. Nxd4 Nf6 5. Nc3 g6 6. Be3 Bg7 7. f3 O-O 8. Qd2 Nc6 9. Bc4 Nd7 10. O-O-O Nb6 11. Bb3 Na5 12. Qe2 Nxb3+ 13. axb3 a5 14. Na4 Nxa4 15. bxa4 Bd7 16. Nb5 Rc8 17. Kb1 Be6 18. Bd4 Bxd4 19. Rxd4 Qb6 20. Rhd1 Rc5 21. b3 Rfc8 22. R1d2 Qc6 23. Qd1 Bxb3 24. Na7 Bxc2+ 25. Rxc2 Qb6+ 26. Nb5 Rxc2 27. Qxc2 Rxc2 28. Kxc2 Qc5+ 29. Kd3 Qc1 30. Rc4 Qd1+ 31. Ke3 Qe1+ 32. Kd3 Qf1+ 33. Kd4 Qxg2 34. Rc8+ Kg7 35. Rc7 Qxf3 36. Rxe7 Qf6+ 0-1


[Site "https://www.chess.com"]

[Event "Titled Tuesday Blitz August 1 Late 2023"]
[White "The_Straightforward_Rook"]
[Black "Winkels, Marcel"]
[BlackFideId "1003887"]
[WhiteElo "2307"]
[BlackElo "2073"]
[Result "1-0"]
[Round "5"]
[TimeControl "180+1"]
[Date "2023.08.01"]
[WhiteClock "0:02:10"]
[BlackClock "0:00:00"]
[Board "165"]

1. e4 c5 2. d4 cxd4 3. c3 Nf6 4. e5 Nd5 5. Nf3 d6 6. Bc4 Nb6 7. Bb3 e6 8. O-O dxc3 9. Nxc3 Nc6 10. Bg5 f6 11. exf6 gxf6 12. Bh4 Bg7 13. Re1 d5 14. Nxd5 Nxd5 15. Bxd5 Kf7 16. Bxc6 Qxd1 17. Raxd1 bxc6 18. Nd4 c5 19. Nb5 Ke7 20. Nd6 Bd7 21. Nf5+ 1-0


[Site "https://www.chess.com"]

[Event "Titled Tuesday Blitz August 1 Late 2023"]
[White "Semenova, Alina"]
[Black "Lacasa Diaz, Jose Antonio"]
[WhiteFideId "24113875"]
[BlackFideId "2203375"]
[WhiteElo "2072"]
[BlackElo "2305"]
[Result "1-0"]
[Round "5"]
[TimeControl "180+1"]
[Date "2023.08.01"]
[WhiteClock "0:00:03"]
[BlackClock "0:00:00"]
[Board "166"]

1. e4 c5 2. Nf3 g6 3. g3 Bg7 4. Bg2 e6 5. O-O Ne7 6. d3 O-O 7. Nh4 Nbc6 8. f4 d5 9. e5 b5 10. Nd2 Bb7 11. c3 Qb6 12. Kh1 d4 13. c4 a6 14. a4 b4 15. Ne4 Na5 16. Nf6+ Kh8 17. Nd7 Bxg2+ 18. Nxg2 Qc7 19. Nxf8 Rxf8 20. Bd2 Nf5 21. b3 Rd8 22. Rb1 h5 23. Qf3 Kh7 24. h3 Rh8 25. g4 hxg4 26. hxg4 Kg8+ 27. Kg1 Ne7 28. Kf2 Nec6 29. Qe4 Rh2 30. Kg3 Rh7 31. Be1 Rh8 32. Bf2 Rh7 33. Qe2 Rh8 34. Qc2 Nxe5 35. fxe5 Qxe5+ 36. Nf4 1-0


[Site "https://www.chess.com"]

[Event "Titled Tuesday Blitz August 1 Late 2023"]
[White "dorpato"]
[Black "Ramadoss, Ashokkumar"]
[BlackFideId "5040990"]
[WhiteElo "2030"]
[BlackElo "2299"]
[Result "0-1"]
[Round "5"]
[TimeControl "180+1"]
[Date "2023.08.01"]
[WhiteClock "0:00:00"]
[BlackClock "0:00:51"]
[Board "167"]

1. e4 Nf6 2. e5 Nd5 3. d4 d6 4. exd6 cxd6 5. Nf3 g6 6. Bc4 Nb6 7. Bb3 Bg7 8. c3 O-O 9. O-O Nc6 10. Bf4 Bg4 11. Nbd2 e5 12. dxe5 dxe5 13. Be3 Nd5 14. Bc5 Re8 15. h3 Bf5 16. Nc4 Nf4 17. Nd6 Bd3 18. Nxe8 Bxf1 19. Qxf1 Qxe8 20. Rd1 h6 21. g3 Ne6 22. Ba3 Rd8 23. Qe1 Rxd1 24. Qxd1 e4 25. Nd2 e3 26. fxe3 Ng5 27. Nc4 Nxh3+ 28. Kh2 Ng5 29. Nd6 Qxe3 30. Qf1 Ne5 31. Ne8 Ng4+ 32. Kg2 Qe4+ 33. Kg1 Nf3+ 0-1


[Site "https://www.chess.com"]

[Event "Titled Tuesday Blitz August 1 Late 2023"]
[White "Kazakouski, Valery"]
[Black "Carlsen, Magnus"]
[WhiteFideId "13507443"]
[BlackFideId "1503014"]
[WhiteElo "2904"]
[BlackElo "3259"]
[Result "0-1"]
[Round "6"]
[TimeControl "180+1"]
[Date "2023.08.01"]
[WhiteClock "0:00:01"]
[BlackClock "0:01:20"]
[Board "1"]

1. Nf3 b6 2. g3 Bb7 3. Bg2 g6 4. O-O Bg7 5. d4 Nf6 6. c4 O-O 7. d5 Na6 8. Nc3 Nc5 9. Nd4 e5 10. Nc2 a5 11. e4 d6 12. b3 Bc8 13. h3 Ne8 14. Be3 f5 15. exf5 gxf5 16. Qd2 f4 17. Bxc5 bxc5 18. Qd3 e4 19. Bxe4 Bxh3 20. Rfe1 Qg5 21. Rac1 fxg3 22. fxg3 Nf6 23. Qe3 Nxe4 24. Nxe4 Qg6 25. Qg5 Bf5 26. Qxg6 Bxg6 27. Re2 Rae8 28. Rce1 Re5 29. g4 Rfe8 30. Ng3 Rxe2 0-1


[Site "https://www.chess.com"]

[Event "Titled Tuesday Blitz August 1 Late 2023"]
[White "Rozen, Eytan"]
[Black "Zhigalko, Sergei"]
[WhiteFideId "2816750"]
[BlackFideId "13502956"]
[WhiteElo "2782"]
[BlackElo "2910"]
[Result "0-1"]
[Round "6"]
[TimeControl "180+1"]
[Date "2023.08.01"]
[WhiteClock "0:00:16"]
[BlackClock "0:00:05"]
[Board "3"]

1. c4 e5 2. g3 Nf6 3. Bg2 c6 4. Nf3 d6 5. O-O Be7 6. Nc3 O-O 7. d3 h6 8. Rb1 Be6 9. b4 Nbd7 10. Ne1 d5 11. cxd5 cxd5 12. Nc2 Rc8 13. Bb2 d4 14. Ne4 Bxa2 15. Rc1 Bb3 16. Qd2 Qb6 17. Nxf6+ Nxf6 18. Ba3 Rc3 19. Na1 Rxc1 20. Rxc1 Bd5 21. Qc2 Bxb4 22. Rb1 a5 23. Bxb4 axb4 24. Bxd5 Nxd5 25. Qc4 Qc6 26. Nc2 Qxc4 27. dxc4 Nc3 28. Rxb4 Nxe2+ 29. Kf1 d3 30. Ne3 Ra8 31. Rxb7 Ra1+ 32. Kg2 Rc1 33. Rd7 Nd4 34. f4 f6 35. fxe5 fxe5 36. Rd5 d2 37. Rxe5 Nc2 0-1


[Site "https://www.chess.com"]